 Dungeon Crawl Stone Soup version 0.29.1-15-g9cfb28693d (webtiles) character file.

Game seed: 9862628380253118292

12 KittyFluff the Trooper (level 2, -4/20 HPs)
             Began as a Gargoyle Berserker on Apr 9, 2023.
             Was a Follower of Trog.
             Slain by a gnoll
             ... wielding a +0 flail
              (7 damage)
             ... on level 1 of the Dungeon.
             The game lasted 00:01:07 (558 turns).

KittyFluff the Trooper (Gargoyle Berserker)          Turns: 558, Time: 00:01:08

Health: -4/20      AC:  5    Str: 20    XL:     2   Next: 33%
Magic:  2/2        EV: 11    Int:  7    God:    Trog [*.....]
Gold:   0          SH:  0    Dex:  9    Spells: 1/1 levels left

rFire   . . .      SeeInvis .   a - +0 mace
rCold   . . .      Faith    .   (no shield)
rNeg    + . .      Spirit   .   b - +0 animal skin
rPois   ∞          Reflect  .   (no helmet)
rElec   +          Harm     .   (no cloak)
rCorr   .          Rampage  .   (no gloves)
Will    .....                   (no boots)
Stlth   +.........              (no amulet)
HPRegen 0.06/turn               (no ring)
MPRegen 0.08/turn               (no ring)

@: no status effects
A: sickness immunity, AC +2, negative energy resistance 1, electricity
resistance, torment resistance 1, petrification resistance
a: Renounce Religion, Berserk


You were on level 1 of the Dungeon.
You worshipped Trog.
Trog was aware of your devotion.
You visited 1 branch of the dungeon, and saw 1 of its levels.

Inventory:

Hand Weapons
 a - a +0 mace (weapon)
Missiles
 d - 3 atropa-tipped darts (quivered)
Armour
 b - a +0 animal skin (worn)
Scrolls
 e - a scroll of identify {unknown}
Potions
 c - a potion of degeneration {unknown}
 f - a potion of might {unknown}


   Skills:
 + Level 3.7 Fighting
 + Level 3.2 Maces & Flails
 * Level 2.3 Armour
 + Level 1.6 Dodging


You had one spell level left.
You didn't know any spells.
Your spell library was empty.

Dungeon Overview and Level Annotations

Branches:
Dungeon (1/15)

Altars:


Innate Abilities, Weirdness & Mutations

You are immune to sickness and miasma.
Your stone body is resilient. (AC +2)
You are immune to poison.
You resist negative energy. (rN+)
You are resistant to electric shocks. (rElec)
You are resistant to unholy torment.
You are immune to petrification.


Message History

The goblin closely misses you.
You closely miss the goblin.
The goblin is heavily wounded.
The goblin hits you with a +0 club.
You sock the goblin!
You kill the goblin!
Trog accepts your kill.
Things that are here:
a +0 club; a goblin corpse You start resting.
HP restored.
A kobold comes into view. It is wielding a +0 club.
Found a ring mail.
A frilled lizard comes into view.
A gnoll comes into view. It is wielding a +0 flail.
The gnoll shouts!
You hear an angry hiss.
The frilled lizard closely misses you.
You miss the frilled lizard. The frilled lizard misses you.
You completely miss the frilled lizard. Your punch misses the frilled lizard.
The frilled lizard unfolds its giant frill.
The frilled lizard closely misses you. x2
You sock the frilled lizard!
You kill the frilled lizard!
Trog accepts your kill.
You closely miss the gnoll. The gnoll closely misses you.
You barely miss the gnoll. The gnoll hits you with a +0 flail!
You hit the gnoll.
The gnoll is moderately wounded.
The gnoll misses you. The gnoll hits you with a +0 flail!
* * * LOW HITPOINT WARNING * * *
You barely miss the gnoll.
The gnoll is moderately wounded.
The gnoll misses you.
You hit the gnoll.
The gnoll is severely wounded.
The gnoll barely misses you.
You closely miss the gnoll.
The gnoll is severely wounded.
The gnoll hits you with a +0 flail!
You die...

# #. # #. .#
.####.###.###
............#
[.......#...#
...K..#.#######
......#..g@...#
..... #######.#
..... #.###
.### #...#
###.###.##
.........#
#######..##
#.......# #
#.###.###


You could see a gnoll.

Vanquished Creatures
  A bat (D:1)
  2 endoplasms (D:1)
  A goblin (D:1)
  2 hobgoblins (D:1)
  A quokka (D:1)
  A ball python (D:1)
  A frilled lizard (D:1)
  2 rats (D:1)
11 creatures vanquished.

Notes
Turn   | Place    | Note
-------+----------+-------------------------------------------
     0 | D:1      | KittyFluff the Gargoyle Berserker began the quest for the
                  | Orb.
     0 | D:1      | Reached XP level 1. HP: 14/14 MP: 1/1
   333 | D:1      | Reached XP level 2. HP: 19/19 MP: 2/2
   558 | D:1      | Slain by a gnoll

Illustrated notes

Levels and vault maps discovered:
D:1:      onia_arrival_mini_spirals, layout_basic, minmay_rat_gold_closets

Action                   || total
-------------------------++-------
Melee: Mace              ||    29
Armor: Animal skin       ||     4
Dodge: Dodged            ||    15
